 Dungeon Crawl Stone Soup version 0.21-a0-578-gc6e9d75 (webtiles) character file.

98 vishdafish the Charmwright (level 4, -3/33 HPs)
             Began as a Demonspawn Skald on Dec 18, 2017.
             Slain by Sigmund
             ... wielding a +0 scythe
              (9 damage)
             ... on level 3 of the Dungeon.
             The game lasted 00:05:12 (2432 turns).

vishdafish the Charmwright (Demonspawn Skald)       Turns: 2432, Time: 00:05:13

Health: -3/33      AC:  3    Str: 11    XL:     4   Next: 44%
Magic:  7/7        EV: 12    Int: 16    God:
Gold:   35         SH:  8    Dex: 12    Spells: 6/7 levels left

rFire    . . .     SeeInvis .   a - +0 spear
rCold    . . .     Gourm    .   (no shield)
rNeg     . . .     Faith    .   b - +0 leather armour
rPois    .         Spirit   .   (no helmet)
rElec    .         Reflect  .   (no cloak)
rCorr    .         Harm     .   (no gloves)
MR       .....                  (no boots)
Stlth    +.........             (no amulet)
HPRegen  0.11/turn              (no ring)
MPRegen  0.10/turn              (no ring)

@: about to teleport, flying (expiring)
A: large bone plates 3, powered by death 1, subdued magic 1
a: no special abilities


You were on level 3 of the Dungeon.
You were very hungry.

You visited 1 branch of the dungeon, and saw 3 of its levels.

You collected 35 gold pieces.

Inventory:

Hand Weapons
 a - a +0 spear (weapon)
Armour
 b - a +0 leather armour (worn)
Scrolls
 e - a scroll of identify
 f - a scroll of teleportation
 h - a scroll of enchant weapon {unknown}
 j - a scroll of blinking {unknown}
Books
 c - a book of Battle

   Spells                             Type                      Level
   a - Infusion                       Charms                       1
   b - Shroud of Golubria             Charms/Translocation         2
   c - Song of Slaying                Charms                       2
   d - Spectral Weapon                Hexes/Charms                 3
   e - Regeneration                   Charms/Necromancy            3
Comestibles
 d - 3 rations


   Skills:
 - Level 2.0 Fighting
 * Level 3.0 Polearms
 + Level 1.8 Armour
 + Level 2.4 Dodging
 - Level 2.0 Spellcasting
 + Level 3.2 Charms


You had 6 spell levels left.
You knew the following spells:

 Your Spells              Type           Power        Failure   Level  Hunger
a - Infusion              Chrm           #...         6%          1    #......


Dungeon Overview and Level Annotations

Branches:
Dungeon (3/15)

Altars:
Okawaru
Uskayaw

Portals:
Sewer: D:3

Annotations:
D:2 Natasha
D:3 Sigmund


Innate Abilities, Weirdness & Mutations

You are completely covered in large bone plates. (SH +8)
You regenerate a little health from kills.
Your spells are a little easier to cast, but a little less powerful.


Message History

An orc comes into view. It is wielding a flail.
You feel less confused.
The orc shouts!
The adder bites the plant.
The orc barely misses you. Sigmund closely misses you.
The adder bites the plant.
As you read the scroll labeled SAGERA VOJITHI, it crumbles to dust.
It is a scroll of identify.
f - 2 scrolls of teleportation You block the orc's attack. x2
As you read the scroll of teleportation, it crumbles to dust.
You feel strangely unstable.
The orc wizard gestures wildly while chanting.
The orc wizard seems to speed up.
You block the orc's attack. The orc hits you but does no damage.
You block Sigmund's attack. The gnoll closely misses you.
The orc barely misses you. You block the gnoll's attack.
The orc wizard gestures wildly while chanting.
The orc wizard blinks!
Sigmund hits you from afar with a scythe!
You die...

.. ....... #. .......
#. ....... ## #.
....... .. #o .......
#. #. .o§.... #.
#.##@.o[# ########h
###.@oYo..# ∩≈≈≈≈≈≈≈g
##..go######
########g #.≈.gS# #.#
##♣≈♣P.# ####g#
#P≈≈≈≈.# #.g..#
##♣.≈.o# #.####
#....# ####S####
#....# ###..g.....
#....######...#.#####


You could see Sigmund, an ice beast, an orc priest, an orc wizard, 2 gnolls, an
adder and 5 orcs.

Vanquished Creatures
  Terence (D:1)
  3 adders
  4 worms (D:2)
  2 dart slugs (D:1)
  A giant cockroach (D:2)
  5 goblins
  3 hobgoblins
  3 jackals (D:2)
  A quokka (D:3)
  4 bats
  3 frilled lizards
  4 kobolds
  3 rats (D:1)
37 creatures vanquished.

Notes
Turn   | Place    | Note
-------+----------+-------------------------------------------
     0 | D:1      | vishdafish the Demonspawn Skald began the quest for the Orb.
     0 | D:1      | Reached XP level 1. HP: 16/16 MP: 3/3
    84 | D:1      | Reached skill level 1 in Armour
   220 | D:1      | Gained mutation: You regenerate a little health from kills. [demonic ancestry]
   220 | D:1      | Reached XP level 2. HP: 8/22 MP: 0/5
  1234 | D:2      | Found an iron altar of Okawaru.
  1300 | D:2      | Noticed Terence
  1381 | D:1      | Killed Terence
  1381 | D:1      | Gained mutation: You are partially covered in large bone plates. (SH +4) [demonic ancestry]
  1381 | D:1      | Reached XP level 3. HP: 4/27 MP: 6/6
  1886 | D:2      | Found a hide-covered altar of Uskayaw.
  2002 | D:2      | Gained mutation: You are mostly covered in large bone plates. (SH +6) [demonic ancestry]
  2002 | D:2      | Reached XP level 4. HP: 33/33 MP: 1/7
  2243 | D:2      | Noticed Natasha
  2382 | D:3      | Gained mutation: Your spells are a little easier to cast, but a little less powerful. [potion of mutation]
  2382 | D:3      | Gained mutation: You are completely covered in large bone plates. (SH +8) [potion of mutation]
  2398 | D:3      | Found a glowing drain.
  2423 | D:3      | Noticed Sigmund
  2426 | D:3      | Noticed an ice beast
  2432 | D:3      | Slain by Sigmund

Vault maps used:
D:1:      dpeg_arrival_chase
D:2:      eat_drink_and_be_merry_uskayaw, old_standard_altar,
          minmay_misc_feat_rugged, uniq_terence, uniq_natasha
D:3:      nicolae_overflow_hidden_temple, portal_sewer_entry_d, first_ration,
          serial_bayou_pond_d, uniq_sigmund

Skill      XL: |  1  2  3  4 |
---------------+-------------+-----
Armour         | 1 |  1.8
Polearms       | 2 3 |  3.0
Dodging        | 2 |  2.4
Charms         | 3 |  3.2
Fighting       | |  2.0
Spellcasting   | |  2.0

Action                   |  1- 3 |  4- 6 || total
-------------------------+-------+-------++-------
Melee: Spear             |   120 |    70 ||   190
 Cast: Infusion          |     7 |     1 ||     8
  Use: Potion            |     2 |     4 ||     6
       Scroll            |       |     2 ||     2
  Eat: Chunk             |     4 |       ||     4
Armor: Leather armour    |    15 |    18 ||    33
Dodge: Dodged            |    53 |    44 ||    97
Block: Other             |     9 |    23 ||    32

Table legend:
 A = Spawn XP
 B = Non-spawn XP
 C = Spawn XP percentage of total XP
 D = Spawn monster count
 E = Non-spawn monster count
 F = Spawn count percentage of total count
 G = Total turns spent on level
                    A         B        C        D         E        F      G
               +---------+---------+-------+---------+---------+-------+---------
         Total |       0 |     141 |   0.0 |       0 |      37 |   0.0 |  2432
               +---------+---------+-------+---------+---------+-------+---------
           D:1 |       0 |      55 |   0.0 |       0 |      15 |   0.0 |  1725
           D:2 |       0 |      51 |   0.0 |       0 |      15 |   0.0 |   542
           D:3 |       0 |      35 |   0.0 |       0 |       7 |   0.0 |   165
               +---------+---------+-------+---------+---------+-------+---------
